 Dungeon Crawl Stone Soup version 0.17-a0-877-ga10078a (webtiles) character file.

358077 FedoraBrony69 the Impregnable (level 21, -21/200 HPs)
             Began as a Minotaur Berserker on Apr 30, 2015.
             Was the Champion of Jiyva.
             Killed from afar by a salamander stormcaller (23 damage)
             ... with a great blast of fire
             ... on level 5 of the Vaults.
             The game lasted 02:57:03 (52376 turns).

FedoraBrony69 the Impregnable (Minotaur Berserker) Turns: 52376, Time: 02:57:03

Health: -21/200    AC: 16    Str: 33    XL:     21   Next: 73%
Magic:  26/26      EV: 22    Int:  5    God:    Jiyva [******]
Gold:   2584       SH: 18    Dex: 18    Spells: 0 memorised, 20 levels left

rFire  + + +     SeeInvis +     I - +9 demon whip (flame)
rCold  + . .     Clarity  .     (no armour)
rNeg   . . .     SustAb   .     S - +0 shield of Efefrood {rElec rF+ MR+}
rPois  +         Gourm    .     D - +0 mask of the Dragon {MR+ Slay+3 SInv}
rElec  +         Spirit   .     P - +0 cloak {MR+}
rCorr  +         Warding  .     U - +2 pair of gloves {archery}
rMut   +         Stasis   .     M - +1 pair of boots
MR     +++..                    v - amulet of resist mutation
Stlth  ++........               O - +4 ring of evasion
                                N - ring "Tesal" {rPois MR- Dex+4 Slay+2 SInv}

@: lethally poisoned (-21 -> -21), about to teleport, extremely resistant to
hostile enchantments, unstealthy
A: retaliatory headbutt, hooves 1, horns 2, rough black scales 2, see invisible,
clever 2, cold resistance 1, fire resistance 2, poison resistance, strong 2,
acidic bite, pseudopods 1
a: Request Jelly, Jelly Paralyse, Slimify, Cure Bad Mutation, Renounce Religion
}: 1/15 runes: gossamer


You were on level 5 of the Vaults.
You worshipped Jiyva.
Jiyva was exalted by your worship.
You were completely stuffed.

You visited 8 branches of the dungeon, and saw 46 of its levels.
You also visited: Labyrinth and Ice Cave.

You collected 4703 gold pieces.
You spent 2119 gold pieces at shops.

Inventory:

Hand weapons
 i - the +2 flail of Urgency {freeze, rN+ MR+ Dex+2}
   (Trog gifted it to you on level 4 of the Pits of Slime)

   It has been specially enchanted to freeze those struck by it, causing extra
   injury to most foes and up to half again as much damage against particularly
   susceptible opponents.
   It can also slow down cold-blooded creatures.
   It affects your dexterity (+2).
   It protects you from negative energy.
   It affects your resistance to hostile enchantments.
 I - a +9 demon whip of flaming (weapon)
Armour
 k - a +0 large shield
 o - the cursed +0 scale mail of Prudence {+Inv rF+ MP+9 Str+4, unknown}
   (You found it on level 4 of the Vaults)

   It affects your strength (+4).
   It protects you from fire.
   It affects your magic capacity (+9).
   It lets you turn invisible.
   It has a curse placed upon it.
 B - the +5 plate armour "Nisaagh" {-Tele Str+7 Int+5}
   (You bought it in a shop on level 2 of the Orcish Mines)

   It affects your strength (+7).
   It affects your intelligence (+5).
   It prevents most forms of teleportation.
 D - the +0 mask of the Dragon (worn) {MR+ Slay+3 SInv}
   (You found it on level 1 of the Elven Halls)

   It affects your accuracy and damage with ranged weapons and melee attacks
   (+3).
   It affects your resistance to hostile enchantments.
   It enhances your eyesight.
 M - a +1 pair of boots (worn)
 P - a +0 cloak of magic resistance (worn)
 S - the +0 shield of Efefrood (worn) {rElec rF+ MR+}
   (You found it in a labyrinth)

   It protects you from fire.
   It insulates you from electricity.
   It affects your resistance to hostile enchantments.
 U - a +2 pair of gloves of archery (worn)
Jewellery
 v - an amulet of resist mutation (around neck)
 N - the ring "Tesal" (left hand) {rPois MR- Dex+4 Slay+2 SInv}
   (You took it off a deep elf blademaster on level 3 of the Elven Halls)

   [ring of poison resistance]

   It affects your dexterity (+4).
   It affects your accuracy and damage with ranged weapons and melee attacks
   (+2).
   It protects you from poison.
   It affects your resistance to hostile enchantments.
   It enhances your eyesight.
 O - a +4 ring of evasion (right hand)
Magical devices
 l - a wand of random effects (29)
 u - a wand of digging (18)
 x - a wand of teleportation (5)
 E - a wand of hasting (1)
Scrolls
 a - 3 scrolls of blinking
 d - 2 scrolls of silence
 e - 9 scrolls of remove curse
 p - a scroll of fear
 s - 8 scrolls of identify
 w - 7 scrolls of teleportation
 y - a scroll of holy word
 z - 5 scrolls of fog
 A - a scroll of amnesia
 R - 3 scrolls of magic mapping
 X - 7 scrolls of enchant armour
Potions
 b - a potion of invisibility
 f - 6 potions of agility
 g - 2 potions of heal wounds
 h - 16 potions of curing
 q - 6 potions of might
 r - 4 potions of berserk rage
 G - a potion of cancellation
 H - 10 potions of flight
Comestibles
 c - 15 bread rations
 j - 21 meat rations
 n - 6 royal jellies
 F - 3 beef jerkies
 V - 38 fruits


   Skills:
 + Level 19.8 Fighting
 - Level 16.0 Maces & Flails
 * Level 25.7 Armour
 - Level 8.2 Dodging
 + Level 21.6 Shields
 - Level 8.4 Evocations


You had 20 spell levels left.
You didn't know any spells.

Dungeon Overview and Level Annotations

Branches:
Dungeon (15/15)            Temple (1/1) D:7            Lair (8/8) D:8
 Shoals (0/4) Lair:6       Spider (4/4) Lair:3        Slime (6/6) Lair:6
    Orc (4/4) D:11            Elf (3/3) Orc:4        Vaults (5/5) D:13
  Crypt (0/3) Vaults:2     Depths (0/5) D:15

Altars:
Ashenzari
Cheibriados
Dithmenos
Elyvilon
Fedhas
Gozag
Kikubaaqudgha
Makhleb
Nemelex Xobeh
Okawaru
Qazlal
Ru
Sif Muna
Trog
Vehumet
Xom
Yredelemnul
Zin
The Shining One
Beogh
Jiyva

Shops:
D:9 :!%(!   D:10 [   Orc:1 (   Orc:2 [:[   Orc:3 (   Orc:4 %(((   Elf:1 (}:
Elf:2 (?

Portals:
Hell: Lair:8

Annotations:
Slime:6 Royal Jelly


Innate Abilities, Weirdness & Mutations

You reflexively headbutt those who attack you in melee.
You have a pair of horns on your head.
You have large cloven feet.
You are mostly covered in rough black scales (AC +7, Dex -2).
You have supernaturally acute eyesight.
Your mind is very acute. (Int +4)
Your flesh is cold resistant.
Your flesh is very heat resistant.
Your system is resistant to poisons.
Your muscles are very strong. (Str +4)
You have acidic saliva.
Armour fits poorly on your pseudopods.


Message History

The smoke demon gestures at you. Something smites you!
* * * LOW HITPOINT WARNING * * *
The merfolk hits the great orb of eyes.
You block the vault guard's attack.
The vault guard hits you but does no damage.
The stone giant throws a large rock.
The large rock hits the great orb of eyes!!!
The great orb of eyes dies!
You finish taking off the +5 plate armour "Nisaagh" {-Tele Str+7 Int+5}.
Read which item? (? for menu, Esc to quit)
Okay, then.
Evoke which item? (* to show all) (? for menu, Esc to quit)
Okay, then.
Read which item? (? for menu, Esc to quit)
As you read the scroll of teleportation, it crumbles to dust.
You feel strangely unstable.
You feel sick.
The salamander stormcaller points at you and mumbles some strange words.
A raging storm of fire appears!
The great blast of fire engulfs you! You partially resist.
You die...

#....# #+#....#.
##.#....#.. ...........
############3.......##
.......xppee3.........
......pppppp3.)<<......
....(.Cpppppe.5<..<.....
......m(@pppBp5x<<......
#############N.......##
..).).......
..N..#oW..#...
...#####....# . . #....#
#....# #.... .


You could see a stone giant, a vault warden, a boulder beetle shaped shifter, 15
vault guards, a salamander stormcaller, a merfolk shaped shifter, a deep elf
high priest, an ironbrand convoker, a smoke demon, 2 ynoxinuls, 2 deep elf
priests and 2 ufetubi.

Vanquished Creatures
  Saint Roka (Vaults:3)
  Rupert (Lair:6)
  A lich (Vaults:4)
  14 acid blobs
  3 deep elf blademasters (Elf:3)
  2 deep elf master archers (Elf:3)
  A sphinx (Vaults:3)
  An Executioner (Elf:3)
  A tengu reaver (Vaults:4)
  A fire giant (Vaults:3)
  An orc warlord (Orc:2)
  3 ghost moths (Spider:4)
  16 vault wardens
  Maud (Lair:8)
  7 azure jellies
  6 deep elf sorcerers (Elf:3)
  A frost giant (Vaults:3)
  7 emperor scorpions
  A war gargoyle (Vaults:3)
  10 stone giants
  A large abomination (Elf:2)
  2 very ugly things (Vaults:4)
  6 ironheart preservers
  Nessos (Lair:6)
  3 deep elf demonologists (Elf:3)
  5 deep elf annihilators (Elf:3)
  2 blizzard demons (IceCv)
  Snorg (Lair:6)
  2 fire dragons
  A minotaur (Lab)
  19 vault guards
  4 ettins
  7 deep elf death magi
  A crystal guardian (Vaults:3)
  6 deep elf high priests
  3 entropy weavers
  An ice dragon (Vaults:3)
  8 yaktaur captains
  A hydra (shapeshifter) (Elf:2)
  Erolcha (D:11)
  12 hydras
  14 centaur warriors
  3 rakshasas (Vaults:2)
  12 ogre magi
  2 salamander stormcallers
  16 death yaks
  12 dancing weapons (Elf:2)
  3 orc high priests
  3 tengu warriors
  Urug (Orc:3)
  22 deep elf knights
  Nergalle (Orc:1)
  4 ice devils (IceCv)
  4 skeletal warriors
  3 fire crabs
  A giant orange brain (shapeshifter) (Elf:3)
  6 deep trolls
  4 deep elf summoners
  2 unseen horrors
  3 ice statues (IceCv)
  A necromancer (Vaults:3)
  A flayed ghost (Vaults:4)
  15 hill giants
  14 orc knights
  A wolf spider (shapeshifter) (Vaults:4)
  7 hornets
  4 wizards
  A harpy (shapeshifter) (Vaults:3)
  An oklob plant (Lair:5)
  9 deep elf conjurers
  7 orc sorcerers
  7 griffons
  17 ugly things
  13 ironbrand convokers
  3 moths of wrath
  26 wolf spiders
  9 orb spiders
  7 shining eyes
  4 cyclopes
  4 black mambas
  2 centaur zombies
  A smoke demon (Elf:3)
  10 elephants
  2 eyes of devastation
  A black mamba (shapeshifter) (Vaults:4)
  2 efreet
  13 vault sentinels
  17 spiny frogs
  A kobold demonologist (D:14)
  8 komodo dragons
  A komodo dragon (shapeshifter) (Vaults:1)
  A yaktaur (shapeshifter) (Vaults:3)
  6 demonic crawlers
  2 orange demons (Lair:8)
  5 fire drakes
  A hellwing (Lair:8)
  A tengu conjurer (D:14)
  4 freezing wraiths
  A small abomination (Elf:3)
  4 anaconda simulacra (IceCv)
  A guardian mummy (D:13)
  28 yaktaurs
  27 jumping spiders
  A wind drake (shapeshifter) (Elf:1)
  2 red devils (Lair:8)
  20 deep elf priests
  A fire vortex (Vaults:5)
  7 polar bears
  12 blue devils
  A golden dragon simulacrum (IceCv)
  9 trolls
  A stone giant simulacrum (Vaults:2)
  2 queen bees (shapeshifter)
  A trapdoor spider zombie (D:14)
  5 boulder beetles
  124 slime creatures
  10 ravens
  19 two-headed ogres
  A shadow (D:13)
  25 blink frogs
  Sigmund (D:3)
  A vampire (D:13)
  53 yaks
  50 redbacks
  21 trapdoor spiders
  A human (D:7)
  A wyvern (D:8)
  2 basilisks
  23 deep elf magi
  A dire elephant simulacrum (IceCv)
  A basilisk (shapeshifter) (Vaults:4)
  18 tarantellas
  32 deep elf fighters
  4 hungry ghosts
  15 vampire mosquitoes
  3 mottled dragons
  A wraith (D:14)
  A yaktaur simulacrum (Vaults:1)
  6 hippogriffs
  Menkaure (D:7)
  16 water moccasins
  3 wargs
  2 hydra simulacra (IceCv)
  10 porcupines
  9 sky beasts
  5 wolves (Lair:2)
  10 ice beasts
  A harpy simulacrum (IceCv)
  7 black bears
  21 spiders
  41 orc warriors
  5 wasps
  3 phantoms
  2 ettin simulacra
  5 eyes of draining
  A necrophage (D:14)
  50 ogres
  6 boggarts
  16 crocodiles
  A big kobold (D:8)
  16 centaurs
  29 giant frogs
  5 boring beetles
  A brain worm (D:15)
  Blork the orc (Orc:1)
  2 elf zombies (D:9)
  A wyvern zombie (D:13)
  2 wandering mushrooms (Lab)
  A wyvern skeleton (D:14)
  2 scorpions (D:10)
  13 killer bees
  4 electric eels
  2 giant frog zombies
  11 wights
  2 quasits
  7 crimson imps
  A wasp zombie (D:13)
  A gnoll shaman (D:8)
  4 giant frog skeletons
  6 hounds
  7 human zombies (D:9)
  35 jellies
  40 orc priests
  Crazy Yiuf (D:7)
  Ijyb (D:3)
  40 orc wizards
  5 centaur skeletons
  10 worker ants
  9 iguanas
  Natasha (thrice) (D:2)
  10 hell rats
  18 sheep
  2 killer bee zombies
  3 gnolls (D:8)
  4 mummies
  A worker ant zombie (D:9)
  Robin (D:3)
  13 adders
  46 river rats
  3 shadow imps
  12 white imps
  2 oozes
  An adder zombie (D:6)
  An adder skeleton (D:5)
  2 worms
  3 giant geckos
  158 orcs
  2 ball pythons
  A bat zombie (D:5)
  7 giant cockroaches
  26 goblins
  25 hobgoblins
  2 jackals (D:7)
  25 kobolds
  23 bats
  A giant gecko skeleton (D:7)
  3 giant newts
  2 giant spores
  7 quokkas
  A quokka zombie (D:10)
  13 rats
  14 ballistomycetes
  A crawling corpse (Vaults:5)
  2 fungi (Elf:3)
1960 creatures vanquished.

Vanquished Creatures (collateral kills)
  A deep elf blademaster (Elf:3)
  Roxanne (Spider:2)
  A deep elf death mage (Elf:3)
  2 dancing weapons (Elf:2)
  A hell beast (Lair:8)
  3 deep elf knights (Elf:2)
  A small abomination (Elf:2)
  A deep elf conjurer (Elf:2)
  5 elephants
  A red devil (Lair:8)
  2 deep elf priests (Elf:2)
  A blue devil (Lair:8)
  A tarantella (Spider:2)
  2 redbacks (Spider:2)
  A deep elf mage (Elf:2)
  2 deep elf fighters (Elf:2)
26 creatures vanquished.

Vanquished Creatures (others)
  A deep elf high priest (Elf:3)
  3 vault guards (Vaults:5)
  2 great orbs of eyes
  2 deep trolls (Elf:3)
  A shining eye (Slime:6)
  An orb spider (Spider:4)
  A vault sentinel (Vaults:3)
  A troll (Elf:3)
  A fire vortex (Vaults:3)
  2 two-headed ogres (Lair:8)
  6 slime creatures
  5 ogres
  5 lost souls (Elf:3)
  63 jellies
  An iguana (Slime:1)
  A white imp (Spider:3)
  3 orcs
  A giant spore (D:11)
  10 fungi
  4 plants (Lair:8)
114 creatures vanquished.

Grand Total: 2100 creatures vanquished

Notes
Turn   | Place    | Note
--------------------------------------------------------------
     0 | D:1      | FedoraBrony69, the Minotaur Berserker, began the quest for the Orb.
     0 | D:1      | Reached XP level 1. HP: 19/19 MP: 0/0
   131 | D:1      | Reached XP level 2. HP: 18/27 MP: 1/1
   151 | D:1      | Reached skill level 4 in Maces & Flails
   418 | D:1      | Acquired Trog's second power
   418 | D:1      | Reached XP level 3. HP: 29/33 MP: 2/2
   962 | D:2      | Found a deep blue altar of Sif Muna.
   993 | D:2      | Reached XP level 4. HP: 41/41 MP: 3/3
  1033 | D:2      | Noticed Natasha
  1038 | D:2      | Killed Natasha
  1038 | D:2      | Reached skill level 5 in Maces & Flails
  1039 | D:2      | Found an ancient bone altar of Kikubaaqudgha.
  1352 | D:2      | Noticed Natasha
  1358 | D:2      | Killed Natasha
  1426 | D:2      | Noticed Natasha
  1431 | D:2      | Killed Natasha
  1658 | D:3      | Noticed Robin
  1679 | D:3      | Killed Robin
  1679 | D:3      | Reached XP level 5. HP: 47/47 MP: 4/4
  1793 | D:3      | Reached skill level 5 in Fighting
  1846 | D:3      | Noticed Ijyb
  1848 | D:3      | Noticed Sigmund
  1860 | D:3      | Killed Ijyb
  1860 | D:3      | Reached skill level 6 in Maces & Flails
  1865 | D:3      | Killed Sigmund
  1865 | D:3      | Reached XP level 6. HP: 19/56 MP: 5/5
  2529 | D:4      | Acquired Trog's third power
  2529 | D:4      | Reached skill level 7 in Maces & Flails
  2541 | D:4      | Found a stormy altar of Qazlal.
  2936 | D:4      | Found a deep blue altar of Sif Muna.
  3047 | D:5      | Entered Level 5 of the Dungeon
  3073 | D:5      | Reached skill level 5 in Armour
  3073 | D:5      | Reached XP level 7. HP: 18/62 MP: 6/6
  3119 | D:5      | Gained mutation: You are clumsy. (Dex -2) [mutagenic meat]
  3192 | D:5      | Reached skill level 8 in Maces & Flails
  3872 | D:5      | Reached XP level 8. HP: 22/71 MP: 7/7
  4193 | D:6      | Reached skill level 9 in Maces & Flails
  4243 | D:6      | Found a radiant altar of Vehumet.
  4342 | D:6      | Got a smoking hunting sling
  4401 | D:6      | Got a faintly glowing dagger
  4402 | D:6      | Identified the +7 dagger of the Unkillable {pierce, Int+4} (You found it on level 6 of the Dungeon)
  4434 | D:6      | Reached skill level 10 in Maces & Flails
  4665 | D:6      | Gained mutation: You expend magic power (3 MP) to strengthen your wands. [mutagenic meat]
  4666 | D:6      | Gained mutation: You evolve. [mutagenic meat]
  4667 | D:6      | Gained mutation: You are very clumsy. (Dex -4) [mutagenic meat]
  4706 | D:6      | Gained mutation: Potions and wands are less effective at restoring your health. [mutagenic meat]
  4707 | D:6      | Gained mutation: You are frail (-10% HP). [mutagenic meat]
  4708 | D:6      | Lost mutation: Potions and wands are less effective at restoring your health. [mutagenic meat]
  4756 | D:6      | Found a shadowy altar of Dithmenos.
  4774 | D:6      | Reached XP level 9. HP: 67/72 MP: 8/8
  4843 | D:6      | Found a shimmering altar of Xom.
  5054 | D:7      | Reached skill level 11 in Maces & Flails
  5875 | D:7      | Found a staircase to the Ecumenical Temple.
  5906 | D:7      | Reached skill level 12 in Maces & Flails
  5934 | D:7      | Lost mutation: You evolve. [end of evolution]
  5953 | Temple   | Entered the Ecumenical Temple
  5956 | Temple   | Lost mutation: You expend magic power (3 MP) to strengthen your wands. [potion of cure mutation]
  5956 | Temple   | Lost mutation: You are frail (-10% HP). [potion of cure mutation]
  5956 | Temple   | Lost mutation: You are very clumsy. (Dex -4) [potion of cure mutation]
  5956 | Temple   | Lost mutation: You are clumsy. (Dex -2) [potion of cure mutation]
  6230 | D:7      | Noticed Menkaure
  6239 | D:7      | Killed Menkaure
  6361 | D:7      | Noticed Crazy Yiuf
  6364 | D:7      | Paralysed by Crazy Yiuf for 6 turns
  6372 | D:7      | Killed Crazy Yiuf
  6658 | D:8      | Reached XP level 10. HP: 91/91 MP: 9/9
  6730 | D:8      | Noticed a death yak
  6779 | D:9      | Killed a death yak
  7089 | D:8      | Reached skill level 13 in Maces & Flails
  7181 | D:8      | Found a staircase to the Lair.
  7336 | D:8      | Reached skill level 10 in Fighting
  7370 | D:8      | Gained mutation: Your flesh is heat resistant. [mutagenic meat]
  7371 | D:8      | Gained mutation: Your spells are a little easier to cast, but a little less powerful. [mutagenic meat]
  7372 | D:8      | Gained mutation: You are frail (-10% HP). [mutagenic meat]
  7373 | D:8      | Gained mutation: You are partially covered in rough black scales (AC +4, Dex -1). [mutagenic meat]
  7374 | D:8      | Gained mutation: You have very sharp teeth. [mutagenic meat]
  7375 | D:8      | Lost mutation: You are frail (-10% HP). [mutagenic meat]
  7494 | D:8      | Found a glowing silver altar of Zin.
  8295 | Lair:1   | Entered Level 1 of the Lair of Beasts
  8413 | Lair:1   | Reached skill level 14 in Maces & Flails
  8418 | Lair:1   | Reached skill level 10 in Armour
  8643 | Lair:1   | Noticed a seven-headed hydra
  8651 | Lair:1   | Killed a seven-headed hydra
  8651 | Lair:1   | Reached XP level 11. HP: 101/101 MP: 10/10
  8849 | Lair:1   | Found a burning altar of Makhleb.
  9428 | Lair:2   | Received a gift from Trog
  9610 | Lair:2   | Found a labyrinth entrance.
  9618 | Lab      | Entered a labyrinth
  9723 | Lab      | Reached skill level 15 in Maces & Flails
 11047 | Lab      | Noticed a minotaur
 11051 | Lab      | Killed a minotaur
 11057 | Lab      | Got a slimy shield
 11084 | Lab      | Identified the cursed +0 shield of Efefrood {rElec rF+ MR+} (You found it in a labyrinth)
 11098 | Lair:2   | Noticed a seven-headed hydra
 11120 | Lair:2   | Killed a seven-headed hydra
 12030 | Lair:2   | Reached skill level 5 in Shields
 12644 | Lair:3   | Reached XP level 12. HP: 112/112 MP: 11/11
 12860 | Lair:3   | Noticed a six-headed hydra
 12870 | Lair:3   | Killed a six-headed hydra
 13276 | Lair:3   | Received a gift from Trog
 13454 | Lair:3   | Found a hole to the Spider Nest.
 13880 | Lair:4   | Reached skill level 10 in Shields
 15271 | Lair:5   | Reached XP level 13. HP: 97/118 MP: 12/12
 15507 | Lair:5   | Found a stormy altar of Qazlal.
 16333 | Lair:6   | Noticed Rupert
 16346 | Lair:6   | Killed Rupert
 16555 | Lair:6   | Found a staircase to the Slime Pits.
 16623 | Lair:6   | Noticed Nessos
 16645 | Lair:6   | Killed Nessos
 17564 | Lair:6   | Noticed Snorg
 17569 | Lair:6   | Received a gift from Trog
 17579 | Lair:6   | Killed Snorg
 18060 | Lair:6   | Found a staircase to the Shoals.
 18156 | Slime:1  | Entered Level 1 of the Pits of Slime
 18157 | Slime:1  | Noticed an azure jelly
 18639 | Lair:7   | Reached skill level 15 in Shields
 18958 | Lair:8   | Entered Level 8 of the Lair of Beasts
 18969 | Lair:8   | Reached XP level 14. HP: 82/126 MP: 13/13
 19334 | Lair:8   | Reached skill level 15 in Armour
 19754 | Lair:8   | Reached skill level 16 in Shields
 19770 | Lair:8   | Noticed Maud
 19791 | Lair:8   | Killed Maud
 20820 | Lair:8   | Received a gift from Trog
 20852 | Lair:8   | Found a burning altar of Makhleb.
 21199 | Lair:8   | Found a gateway to Hell.
 21869 | Lair:1   | Gained mutation: Your muscles are strong. (Str +2) [potion of beneficial mutation]
 21910 | Lair:1   | Gained mutation: You occasionally shout uncontrollably at your foes. [potion of mutation]
 21952 | D:9      | Found Tatoem's Antique Weapon Emporium.
 21969 | D:9      | Bought a scorched mace for 216 gold pieces
 21969 | D:9      | Identified the +7 mace of Hatred {drain, rPois MR+ Int-3 Dex-2} (You bought it in a shop on level 9 of the Dungeon)
 22127 | D:9      | Found Kaogh's Book Shoppe.
 22164 | D:9      | Found Icwiegom's Food Shoppe.
 22267 | D:9      | Found Raugih's Distillery.
 22424 | D:9      | Found a basalt altar of Yredelemnul.
 22599 | D:9      | Found Zohewke's Distillery.
 22609 | D:9      | Bought a potion of experience for 700 gold pieces
 22609 | D:9      | Reached XP level 15. HP: 134/134 MP: 13/17
 22859 | D:10     | Entered Level 10 of the Dungeon
 22859 | D:10     | Found Satoz's Antique Armour Shop.
 23126 | D:10     | Received a gift from Trog
 23126 | D:10     | Reached skill level 5 in Evocations
 23556 | D:11     | Found a staircase to the Orcish Mines.
 23556 | D:11     | Noticed Erolcha
 23566 | D:11     | Killed Erolcha
 23701 | D:11     | Identified a scroll of acquirement
 23714 | D:11     | Gained mutation: Your muscles are very strong. (Str +4) [potion of mutation]
 23714 | D:11     | Lost mutation: You have very sharp teeth. [potion of mutation]
 23967 | D:11     | Gained mutation: You are frail (-10% HP). [mutagenic meat]
 24212 | D:11     | Reached XP level 16. HP: 122/126 MP: 19/19
 24359 | Orc:1    | Entered Level 1 of the Orcish Mines
 24359 | Orc:1    | Found Antax's Antique Weapon Shop.
 24482 | Orc:2    | Found Weihec's Armour Shop.
 24507 | Orc:2    | Found Fiov's Book Emporium.
 24514 | Orc:2    | Found Qeinguq's Armour Shop.
 24931 | Orc:3    | Found Kaxin's Antique Weapon Emporium.
 24950 | Orc:3    | Received a gift from Trog
 25320 | Orc:3    | Noticed Urug
 25335 | Orc:3    | Killed Urug
 25792 | Orc:2    | Reached skill level 17 in Armour
 25799 | Orc:2    | Received a gift from Trog
 25923 | Orc:2    | Found a roughly hewn altar of Beogh.
 26211 | Orc:1    | Noticed Nergalle
 26216 | Orc:1    | Killed Nergalle
 26222 | Orc:1    | Received a gift from Trog
 26364 | Orc:1    | Noticed Blork the orc
 26373 | Orc:1    | Killed Blork the orc
 26651 | Orc:2    | Bought the +5 plate armour "Nisaagh" {-Tele Str+7 Int+5} for 1119 gold pieces
 26695 | Orc:4    | Entered Level 4 of the Orcish Mines
 26695 | Orc:4    | Found a staircase to the Elven Halls.
 27204 | Orc:4    | Found Ostaepne's Weapon Shoppe.
 27204 | Orc:4    | Found Umaykyigg's Weapon Emporium.
 27208 | Orc:4    | Found Guam's Food Shoppe.
 27208 | Orc:4    | Found Vewnoup's Weapon Emporium.
 27212 | Orc:4    | Received a gift from Trog
 27597 | Elf:1    | Entered Level 1 of the Elven Halls
 27597 | Elf:1    | Found Iffahozo's Antique Weapon Emporium.
 27623 | Elf:1    | Gained mutation: You are mostly covered in rough black scales (AC +7, Dex -2). [mutagenic meat]
 27624 | Elf:1    | Lost mutation: You are frail (-10% HP). [mutagenic meat]
 27625 | Elf:1    | Lost mutation: Your spells are a little easier to cast, but a little less powerful. [mutagenic meat]
 27745 | Elf:1    | Found Qionora's Gadget Shoppe.
 27833 | Elf:1    | Found Nupenoit's Book Boutique.
 28002 | Elf:1    | Found a glowing silver altar of Zin.
 28991 | Elf:2    | Received a gift from Trog
 28999 | Elf:2    | Reached skill level 5 in Dodging
 29006 | Elf:2    | Found Milyodoi's Magic Scroll Shop.
 29162 | Elf:2    | Bought a scroll of identify for 42 gold pieces
 29162 | Elf:2    | Bought a scroll of identify for 42 gold pieces
 29230 | Elf:2    | Found Bimi's Weapon Emporium.
 29403 | Elf:2    | Reached skill level 18 in Armour
 29497 | Elf:2    | Found a runed gate.
 29497 | Elf:2    | Found a runed gate.
 29499 | Elf:2    | Found a runed gate.
 29695 | Elf:2    | Lost mutation: You are mostly covered in rough black scales (AC +7, Dex -2). [mutagenic meat]
 30143 | Elf:2    | Received a gift from Trog
 30301 | Elf:2    | Reached XP level 17. HP: 149/151 MP: 21/21
 30470 | Elf:3    | Entered Level 3 of the Elven Halls
 30545 | Elf:3    | Got a coiled bone ring
 30557 | Elf:3    | Identified the ring "Xan Miro" {rPois MR+} (You found it on level 3 of the Elven Halls)
 30947 | Elf:3    | Gained mutation: You evolve. [mutagenic meat]
 31183 | Elf:3    | Lost mutation: You evolve. [mutagenic meat]
 31270 | Elf:3    | Received a gift from Trog
 31283 | Elf:3    | Reached skill level 19 in Armour
 32713 | Elf:3    | Got a brightly glowing pewter ring
 32729 | Elf:3    | Identified the Catalogue of Good Intentions
 32808 | Elf:3    | Identified the ring "Tesal" {rPois MR- Dex+4 Slay+2 SInv} (You took it off a deep elf blademaster on level 3 of the Elven Halls)
 33333 | D:12     | Found a shattered altar of Ashenzari.
 34045 | Spider:1 | Entered Level 1 of the Spider Nest
 34558 | Spider:1 | Reached skill level 15 in Fighting
 35018 | Spider:2 | Reached XP level 18. HP: 159/163 MP: 23/23
 35122 | Spider:2 | Received a gift from Trog
 35128 | Spider:2 | Reached skill level 20 in Armour
 35279 | Spider:2 | Identified Vehumet's Collected Works on Conjuration
 35302 | Spider:2 | Noticed Roxanne
 35314 | Spider:2 | Killed Roxanne
 35661 | Spider:3 | Found a frozen archway.
 35728 | IceCv    | Entered an ice cave
 36520 | IceCv    | Got an agate-encrusted scale mail
 37160 | Spider:4 | Entered Level 4 of the Spider Nest
 37330 | Spider:4 | Received a gift from Trog
 37582 | Spider:4 | Gained mutation: You are mostly covered in rough black scales (AC +7, Dex -2). [mutagenic meat]
 37583 | Spider:4 | Gained mutation: Your spells are a little harder to cast, but a little more powerful. [mutagenic meat]
 37584 | Spider:4 | Gained mutation: Armour fits poorly on your strangely shaped body. [mutagenic meat]
 37585 | Spider:4 | Gained mutation: Scrolls take you a little longer to read. [mutagenic meat]
 37587 | Spider:4 | Gained mutation: You tend to lose your temper in combat. [mutagenic meat]
 37588 | Spider:4 | Lost mutation: Your spells are a little harder to cast, but a little more powerful. [potion of cure mutation]
 37588 | Spider:4 | Lost mutation: Scrolls take you a little longer to read. [potion of cure mutation]
 37588 | Spider:4 | Lost mutation: You occasionally shout uncontrollably at your foes. [potion of cure mutation]
 37588 | Spider:4 | Lost mutation: You tend to lose your temper in combat. [potion of cure mutation]
 37588 | Spider:4 | Lost mutation: Armour fits poorly on your strangely shaped body. [potion of cure mutation]
 37678 | Spider:4 | Reached skill level 21 in Armour
 37921 | Spider:4 | Gained mutation: You are dopey. (Int -2) [mutagenic meat]
 37922 | Spider:4 | Gained mutation: You expend magic power (3 MP) to strengthen your wands. [mutagenic meat]
 37923 | Spider:4 | Gained mutation: Scrolls take you a little longer to read. [mutagenic meat]
 37924 | Spider:4 | Gained mutation: You are completely covered in rough black scales (AC +10, Dex -3). [mutagenic meat]
 38108 | Spider:4 | Got a gossamer rune of Zot
 38117 | Spider:4 | Gained mutation: You can spit weak poison. [mutagenic meat]
 38122 | Spider:4 | Gained mutation: Armour fits poorly on your strangely shaped body. [mutagenic meat]
 38123 | Spider:4 | Lost mutation: Armour fits poorly on your strangely shaped body. [potion of cure mutation]
 38123 | Spider:4 | Lost mutation: You can spit weak poison. [potion of cure mutation]
 38123 | Spider:4 | Lost mutation: You expend magic power (3 MP) to strengthen your wands. [potion of cure mutation]
 38123 | Spider:4 | Lost mutation: You are dopey. (Int -2) [potion of cure mutation]
 38123 | Spider:4 | Lost mutation: Your muscles are very strong. (Str +4) [potion of cure mutation]
 38123 | Spider:4 | Lost mutation: Scrolls take you a little longer to read. [potion of cure mutation]
 38310 | Spider:4 | Received a gift from Trog
 38778 | Lair:1   | Identified the +2 scale mail "Unkeyj" {Dex+5} (You found it in an ice cave)
 39688 | D:13     | Found a gate to the Vaults.
 39994 | D:14     | Reached XP level 19. HP: 165/174 MP: 24/24
 40413 | D:14     | Received a gift from Trog
 40774 | D:15     | Entered Level 15 of the Dungeon
 40884 | D:15     | Found a staircase to the Depths.
 40942 | D:15     | Gained mutation: Your flesh is very heat resistant. [mutagenic meat]
 40943 | D:15     | Gained mutation: Your system is resistant to poisons. [mutagenic meat]
 40944 | D:15     | Lost mutation: You are completely covered in rough black scales (AC +10, Dex -3). [mutagenic meat]
 40945 | D:15     | Gained mutation: You are frail (-10% HP). [mutagenic meat]
 40947 | D:15     | Gained mutation: You are very frail (-20% HP). [mutagenic meat]
 40950 | D:15     | Gained mutation: You are resistant to hostile enchantments. [mutagenic meat]
 41163 | D:15     | Found a snail-covered altar of Cheibriados.
 41201 | D:15     | Reached skill level 22 in Armour
 41898 | D:15     | Received a gift from Trog
 41992 | Vaults:1 | Entered Level 1 of the Vaults
 42592 | Vaults:1 | Received a gift from Trog
 43253 | Vaults:1 | Received a gift from Trog
 43825 | Slime:1  | Killed an azure jelly
 43825 | Slime:1  | Reached skill level 23 in Armour
 43882 | Slime:1  | Noticed an azure jelly
 43896 | Slime:1  | Killed an azure jelly
 44271 | Slime:3  | Reached XP level 20. HP: 141/149 MP: 25/25
 44928 | Slime:3  | Received a gift from Trog
 45148 | Slime:1  | Noticed an acid blob
 45157 | Slime:1  | Killed an acid blob
 45919 | Slime:4  | Received a gift from Trog
 45922 | Slime:4  | Got an ebony flail {god gift}
 45925 | Slime:4  | Identified the +2 flail of Urgency {freeze, rN+ MR+ Dex+2} (Trog gifted it to you on level 4 of the Pits of Slime)
 46600 | Slime:5  | Reached skill level 24 in Armour
 47050 | Slime:6  | Entered Level 6 of the Pits of Slime
 47079 | Slime:6  | Noticed the royal jelly
 47119 | Slime:6  | Found a viscous altar of Jiyva.
 47126 | Slime:6  | Fell from the grace of Trog
 47126 | Slime:6  | Became a worshipper of Jiyva Jodah the Shapeless
 47522 | D:9      | You fall through a shaft for 2 floors!
 48198 | Vaults:2 | Acquired Jiyva's first power
 48416 | Vaults:2 | Acquired Jiyva's second power
 48768 | Vaults:2 | Gained mutation: Your muscles are very strong. (Str +4) [Jiyva's grace]
 48817 | Vaults:2 | Found a staircase to the Crypt.
 48838 | Vaults:3 | Gained mutation: You are highly resistant to hostile enchantments. [mutagenic meat]
 48839 | Vaults:3 | Lost mutation: You are highly resistant to hostile enchantments. [mutagenic meat]
 48840 | Vaults:3 | Gained mutation: You have a pair of large horns on your head. [mutagenic meat]
 49188 | Vaults:3 | Gained mutation: Your flesh is almost immune to the effects of heat. [mutagenic meat]
 49190 | Vaults:3 | Gained mutation: You are extremely frail (-30% HP). [mutagenic meat]
 49191 | Vaults:3 | Gained mutation: Your mind is acute. (Int +2) [mutagenic meat]
 49229 | Vaults:3 | Noticed Saint Roka
 49245 | Vaults:3 | Reached XP level 21. HP: 52/138 MP: 26/26
 49269 | Vaults:3 | Gained mutation: Your mind is very acute. (Int +4) [Jiyva's grace]
 49275 | Vaults:3 | Acquired Jiyva's third power
 49529 | Vaults:3 | HP: 2/138 [yaktaur captain/bolt (18)]
 49624 | Vaults:3 | Gained mutation: You have acidic saliva. [Jiyva's grace]
 49995 | Vaults:3 | Acquired Jiyva's fourth power
 50276 | Vaults:3 | Lost mutation: You are extremely frail (-30% HP). [Jiyva's power]
 50618 | Vaults:3 | Gained mutation: You have large cloven feet. [Jiyva's grace]
 50619 | Vaults:3 | Lost mutation: You are very frail (-20% HP). [Jiyva's power]
 50759 | Vaults:3 | Gained mutation: You have supernaturally acute eyesight. [Jiyva's grace]
 50801 | Vaults:3 | Killed Saint Roka
 50801 | Vaults:3 | Reached skill level 25 in Armour
 50893 | Vaults:3 | Lost mutation: You are frail (-10% HP). [Jiyva's power]
 51351 | Vaults:4 | Lost mutation: Your mind is very acute. (Int +4) [Jiyva's grace]
 51361 | Vaults:4 | Got a slimy scale mail
 51693 | Spider:4 | Gained mutation: You have a small jelly attached to you that senses nearby items. [Jiyva's grace]
 52077 | Vaults:4 | Gained mutation: Armour fits poorly on your pseudopods. [Jiyva's grace]
 52202 | Vaults:4 | Lost mutation: You are resistant to hostile enchantments. [Jiyva's grace]
 52204 | Vaults:4 | Lost mutation: You have a pair of large horns on your head. [Jiyva's grace]
 52208 | Vaults:4 | Lost mutation: Your flesh is almost immune to the effects of heat. [Jiyva's grace]
 52220 | Vaults:4 | Lost mutation: You have a small jelly attached to you that senses nearby items. [Jiyva's grace]
 52328 | Vaults:5 | Entered Level 5 of the Vaults
 52369 | Vaults:5 | Gained mutation: Your flesh is cold resistant. [potion of beneficial mutation]
 52370 | Vaults:5 | Gained mutation: Your mind is very acute. (Int +4) [potion of beneficial mutation]
 52375 | Vaults:5 | HP: 2/200 [smoke demon/divine providence[a deep elf high priest] (11)]
 52376 | Vaults:5 | Killed from afar by a salamander stormcaller

Action                   |  1- 3 |  4- 6 |  7- 9 | 10-12 | 13-15 | 16-18 | 19-21 || total
-------------------------+-------+-------+-------+-------+-------+-------+-------++-------
Melee: Mace              |    99 |   132 |   379 |   748 |  1027 |   522 |       ||  2907
       Dagger            |       |       |    35 |       |       |       |       ||    35
       Staff             |       |       |       |    86 |       |       |       ||    86
       Morningstar       |       |       |       |       |    69 |       |       ||    69
       Eveningstar       |       |       |       |       |    80 |   454 |       ||   534
       Flail             |       |       |       |       |       |   128 |       ||   128
       Demon whip        |       |       |       |       |       |   768 |  1820 ||  2588
Invok: Trog's Hand       |       |     4 |     4 |     9 |     5 |    12 |       ||    34
       Berserk           |       |     3 |     3 |     7 |     8 |     3 |       ||    24
       Brothers in Arms  |       |       |       |     2 |     4 |     9 |       ||    15
       Request Jelly     |       |       |       |       |       |       |     4 ||     4
       Cure Bad Mutation |       |       |       |       |       |       |     3 ||     3
Evoke: Wand              |       |       |       |     3 |       |     1 |       ||     4
  Use: Potion            |       |       |     3 |     2 |    10 |     2 |     9 ||    26
       Scroll            |       |       |       |    14 |     9 |    14 |     5 ||    42
 Stab: Fleeing           |       |       |     1 |       |       |       |       ||     1
       Distracted        |       |       |       |     1 |     1 |       |       ||     2
  Eat: Chunk             |       |    10 |    23 |    33 |    38 |    81 |    39 ||   224
       Pizza             |       |       |       |     6 |     1 |     2 |     3 ||    12
       Beef jerky        |       |       |       |       |     2 |       |     4 ||     6
       Fruit             |       |       |       |       |       |       |     1 ||     1
